 Dungeon Crawl Stone Soup version 0.31-a0-321-g19405a7a6a (webtiles) character file.

Game seed: 9743326181402297984

95 lunkers the Ruffian (level 5, -1/41 HPs)
             Began as a Meteoran Shapeshifter on July 17, 2023.
             Was a Follower of Makhleb.
             Slain by a shadow imp (4 damage)
             ... on level 3 of the Dungeon.
             The game lasted 00:02:13 (841 turns).

lunkers the Ruffian (Meteoran Shapeshifter)          Turns: 841, Time: 00:02:14

Health: -1/41      AC:  8    Str: 17    XL:     5   Next: 18%
Magic:  6/6        EV: 11    Int:  9    God:    Makhleb [*.....]
Gold:   102        SH:  0    Dex: 16    Spells: 4/4 levels left

rFire   . .          .
                       - Unarmed
rCold   . . .        (no shield)
rNeg    . . .        f - +3 ring mail
rPois   +            (helmet currently unavailable)
rElec   .            (cloak currently unavailable)
rCorr   .            (gloves currently unavailable)
SInv    .            (boots currently unavailable)
Will    .....        (no amulet)
Stlth   +            j - ring of poison resistance
HPRegen 0.26/turn    (no ring)
MPRegen 0.10/turn

%: no passive effects
@: beast-form, glowing
A: beast (slay +2), sense surroundings 1, otherworldly, glowing, explore regen
a: Begin Untransformation, Renounce Religion


You were on level 3 of the Dungeon.
You worshipped Makhleb.
Makhleb was aware of your devotion.
You were a hulking beast.
You visited 1 branch of the dungeon, and saw 3 of its levels.

You collected 102 gold pieces.

Inventory:

Armour
 f - a +3 ring mail (worn)
Jewellery
 j - a ring of poison resistance (left hand)
Talismans
 c - a beast talisman
Scrolls
 e - 2 scrolls of identify
 g - 2 scrolls of blinking
 h - 3 scrolls of fog
Potions
 b - a potion of lignification
 d - a potion of resistance
 i - a potion of heal wounds


   Skills:
 - Level 2.1 Fighting
 - Level 2.4 Dodging
 + Level 5.7 Unarmed Combat
 - Level 3.6 Shapeshifting


You had 4 spell levels left.
You didn't know any spells.
Your spell library contained the following spells:

 Spells                   Type           Power      Damage    Failure   Level
 Slow                     Hex            0%         N/A       58%         1
 Summon Small Mammal      Summ           0%         N/A       58%         1
 Call Canine Familiar     Summ           0%         N/A       92%         3
 Confusing Touch          Hex            0%         N/A       92%         3
 Summon Guardian Golem    Hex/Summ       0%         N/A       92%         3
 Vampiric Draining        Necr           0%         2d6       92%         3


Dungeon Overview and Level Annotations

Branches:
Dungeon (3/15) Zot: 969

Altars:
Makhleb
Xom


Innate Abilities, Weirdness & Mutations

You are a hulking beast.
Your limbs bulge with bestial killing power. (Slay +2)
You passively map a small area around you.
You are easily found by Zot.
You glow in the dark.
You regain HP and MP as you explore.


Message History

* * * LOW HITPOINT WARNING * * *
The shadow imp gestures at you. Pain shoots through your body!
* * * LOW HITPOINT WARNING * * *
The adder closely misses you.
Attack: -) Nothing wielded
Press: ? - help, Dir - move target, f - adder, p - goblin
Aim: an adder (lightly wounded, about 44% to evade your hands)
You barely miss the adder.
The adder is lightly wounded.
The adder bites you.
* * * LOW HITPOINT WARNING * * *
The goblin barely misses you. The shadow imp closely misses you.
The bat hits you but does no damage.
Attack: -) Nothing wielded
Press: ? - help, Dir - move target, f/p - adder
Aim: an adder (lightly wounded, about 44% to evade your hands)
You miss the adder.
The adder is lightly wounded.
The bat hits you but does no damage. The adder bites you but does no damage.
The goblin hits you but does no damage. The shadow imp closely misses you.
Unknown command.
Attack: -) Nothing wielded
Press: ? - help, Dir - move target, f/p - adder
Aim: an adder (lightly wounded, about 44% to evade your hands)
You miss the adder. You punch the adder!
The adder is severely wounded.
The bat hits you but does no damage. The adder barely misses you.
The shadow imp hits you.
* * * LOW HITPOINT WARNING * * *
The goblin hits you but does no damage. The adder bites you but does no damage.
Attack: -) Nothing wielded
Press: ? - help, Dir - move target, f/p - adder
Aim: an adder (severely wounded, about 45% to evade your hands)
You barely miss the adder.
The adder is severely wounded.
The bat hits you.
* * * LOW HITPOINT WARNING * * *
The shadow imp hits you.
You die...

., ##### , #........
#...# ### #........
#.#.#####..
#.........,*#.#.....#..
##....... ). #.##.......
#.......## #.#.#..##....
#........# #..†.........
#......5S# ####.........
#.....gh.# #..........
#....$.b.# ##.....[....
#........####..########.
######>.......## #.
#+######## * * .. , ,,
#.. , , , .. , ,, , , ##
, ,


You could see an adder, a shadow imp, a goblin and a bat.

Vanquished Creatures
  4 adders
  3 worms
  2 dart slugs
  2 bats (D:2)
  7 endoplasms
  2 giant cockroaches
  3 goblins
  5 hobgoblins
  2 quokkas
  7 ball pythons
  4 frilled lizards
  2 kobolds (D:2)
  4 rats
47 creatures vanquished.

Notes
Turn   | Place    | Note
-------+----------+-------------------------------------------
     0 | D:1      | lunkers the Meteoran Shapeshifter began the quest for the
                  | Orb.
     0 | D:1      | Reached XP level 1. HP: 17/17 MP: 2/2
    38 | D:1      | Reached skill level 3 in Unarmed Combat
    38 | D:1      | Reached XP level 2. HP: 24/24 MP: 3/3
   204 | D:1      | Reached XP level 3. HP: 26/29 MP: 4/4
   228 | D:1      | Reached skill level 4 in Unarmed Combat
   317 | D:2      | Identified the +0 trident "Rulaew" {holy, rF+ Int+3}
   513 | D:2      | Reached XP level 4. HP: 21/36 MP: 5/5
   546 | D:2      | Found a faded altar of an unknown god.
   555 | D:2      | Prayed at the altar of an unknown god.
   555 | D:2      | Became a worshipper of Makhleb the Destroyer
   555 | D:2      | Reached * piety under Makhleb
   638 | D:2      | Reached skill level 5 in Unarmed Combat
   668 | D:2      | Found a shimmering altar of Xom.
   778 | D:3      | Reached XP level 5. HP: 41/41 MP: 6/6
   841 | D:3      | Slain by a shadow imp

Illustrated notes

Levels and vault maps discovered:
D:1:      minmay_arrival_shoal_huts, layout_basic, minmay_worlds_worst_comb
D:2:      layout_rooms, nicolae_ecumenical_lake_church, basic_altar,
          corexii_corridor_pit, hangedman_feature_mirror
D:3:      layout_basic, gammafunk_ghost_mausoleum

Skill      XL: |  1  2  3  4 |
---------------+-------------+-----
Unarmed Combat | 3 4 5 |  5.7
Fighting       | |  2.1
Dodging        | |  2.4
Shapeshifting  | |  3.6

Action                     |  1- 3 |  4- 6 || total
---------------------------+-------+-------++-------
  Melee: Unarmed           |    66 |    74 ||   140
         Punch             |       |     3 ||     3
    Use: Scroll            |     5 |     1 ||     6
 Armour: Animal skin       |    17 |       ||    17
         Ring mail         |       |    37 ||    37
  Dodge: Dodged            |    33 |    53 ||    86

Table legend: (Time is in decaauts)
 A = Elapsed time spent in this place.
 B = Non-inter-level travel time spent in this place.
 C = Inter-level travel time spent in this place.
 D = Time resting spent in this place.
 E = Time spent auto-exploring this place.
 F = Levels seen in this place.
 G = Mean time per level.
                   A        B        C        D        E       F      G
               +--------+--------+--------+--------+--------+-----+--------+
         Total |    830 |    830 |      0 |    100 |    386 |   3 |  276.7 |
       Dungeon |    830 |    830 |      0 |    100 |    386 |   3 |  276.7 |
               +--------+--------+--------+--------+--------+-----+--------+

Top non-repeatable levels by time:
     D:2: 403 daAuts
     D:1: 284 daAuts
     D:3: 143 daAuts
